Map: Beckett Industries LE

Players

Asuna - Winner!

  • Race: Protoss Protoss

DisK

  • Race: Protoss Protoss

VOD

Have the link to the VOD?

Description

Time

  • Played on: Oct. 10, 2021, 3:33 p.m.
  • Length: 7:02
Show
View Real Time Build Order
Export as new Build Order

Asuna Protoss - Winner!

Build Orders: Proxy Void Ray 

Get SALT Encoding   

  12  0:00  Probe  
  13  0:12  Probe  
  14  0:22  Pylon  
  14  0:24  Probe  
  15  0:40  Probe (Chrono Boost)  
  15  0:41  Gateway  
  17  0:51  Probe (Chrono Boost)  
  17  0:56  Probe (Chrono Boost)  
  17  0:59  Assimilator  
  17  1:02  Assimilator  
  18  1:07  Probe  
  19  1:19  Probe  
  20  1:28  Cybernetics Core  
  20  1:29  Zealot  
  20  1:31  Probe  
  23  1:40  Pylon  
  23  1:58  Probe  
  24  2:05  Stargate  
  24  2:06  Stalker  
  24  2:08  Shield Battery  
  26  2:10  Probe  
  27  2:16  Shield Battery  
  27  2:19  Shield Battery  
  27  2:27  Probe  
  28  2:40  Void Ray (Chrono Boost)  
  27  2:44  Shield Battery  
  31  2:57  Pylon  
  31  3:04  Pylon  
  31  3:07  Void Ray (Chrono Boost)  
  35  3:23  Shield Battery  
  35  3:32  Shield Battery  
  35  3:34  Void Ray (Chrono Boost)  
  35  3:45  Shield Battery  
  37  3:55  Shield Battery  
  37  4:04  Robotics Facility  
  37  4:06  Void Ray (Chrono Boost)  
  37  4:11  Shield Battery  
  41  4:32  Pylon  
  41  4:38  Void Ray  
  45  5:03  Immortal (Chrono Boost)  
  45  5:06  Shield Battery  
  49  5:09  Shield Battery  
  48  5:17  Probe  
  49  5:34  Pylon  
  49  5:36  Immortal (Chrono Boost)  
  53  6:00  Shield Battery  
  53  6:04  Shield Battery  
  53  6:10  Void Ray  
  53  6:11  Shield Battery  
  53  6:12  Immortal (Chrono Boost)  
Show
View Real Time Build Order
Export as new Build Order

DisK Protoss 

Build Orders: Blink Stalkers 

Get SALT Encoding   

  12  0:00  Probe  
  13  0:12  Probe  
  14  0:17  Pylon  
  14  0:24  Probe  
  15  0:36  Probe (Chrono Boost)  
  15  0:37  Gateway  
  16  0:48  Probe (Chrono Boost)  
  16  0:49  Assimilator  
  17  0:52  Probe (Chrono Boost)  
  18  0:57  Assimilator  
  18  1:03  Probe  
  19  1:12  Gateway  
  19  1:15  Probe  
  20  1:24  Cybernetics Core  
  20  1:31  Probe  
  21  1:37  Pylon  
  21  1:43  Probe  
  22  1:55  Probe  
  23  2:04  Stalker  
  23  2:07  Stalker, Probe, Warp Gate (Chrono Boost)  
  28  2:18  Pylon  
  28  2:24  Probe  
  29  2:37  Pylon  
  29  2:41  Shield Battery  
  28  2:53  Stalker  
  28  2:55  Stalker  
  32  3:01  Twilight Council  
  32  3:14  Shield Battery  
  32  3:30  Shield Battery  
  36  3:40  Blink (Chrono Boost)  
  32  3:46  Stalker x2  
  36  3:50  Pylon  
  34  4:11  Stalker x2  
  34  4:12  Gateway  
  36  4:30  Pylon  
  36  4:45  Gateway  
  36  4:53  Gateway  
  36  5:06  Stalker  
  38  5:08  Pylon  
  38  5:15  Shield Battery  
  38  5:31  Stalker  
  38  5:33  Pylon  
  40  5:41  Stalker  
  36  5:53  Stalker  
  36  5:55  Stalker  
  38  6:08  Sentry  
  40  6:12  Probe  
  41  6:21  Stalker x2  
  45  6:32  Stalker  
Tags
 
Add a new tag
Caveats
  • Supply blocks, unpowered buildings, or Contaminate may cause inaccurate times.
  • Supply counts are checked every 10 seconds.